 Dungeon Crawl Stone Soup version 0.29.1-2-gbd0b4ee654 (webtiles) character file.

Game seed: 15188923414293907917

1402 safid the Skirmisher (level 8, -8/74 HPs)
             Began as a Minotaur Hunter on Oct 24, 2022.
             Mangled by an ice beast (14 damage)
             ... on level 6 of the Dungeon.
             The game lasted 00:09:17 (5108 turns).

safid the Skirmisher (Minotaur Hunter)              Turns: 5108, Time: 00:09:18

Health: -8/74      AC:  6    Str: 15    XL:     8   Next: 42%
Magic:  7/7        EV: 15    Int:  6    God:
Gold:   56         SH:  0    Dex: 23    Spells: 7/7 levels left

rFire   . . .      SeeInvis .   a - +0 shortbow
rCold   . . .      Faith    .   (shield currently unavailable)
rNeg    . . .      Spirit   .   c - +0 leather armour
rPois   +          Reflect  .   k - +2 hat
rElec   .          Harm     .   (no cloak)
rCorr   .          Rampage  .   y - +0 pair of gloves
Will    .....                   (no boots)
Stlth   +++.......              (no amulet)
HPRegen 0.22/turn               f - +6 ring of dexterity
MPRegen 0.10/turn               w - ring of poison resistance

@: mighty, lethally poisoned (-8 -> -17), hasted, very quick
A: horns 2, retaliatory headbutt
a: no special abilities


You were on level 6 of the Dungeon.
You visited 2 branches of the dungeon, and saw 7 of its levels.

You collected 224 gold pieces.
You spent 168 gold pieces at shops.

Inventory:

Hand Weapons
 a - a +0 shortbow (weapon)
Armour
 c - a +0 leather armour (worn)
 k - a +2 hat (worn)
 y - a +0 pair of gloves (worn)
Jewellery
 f - a +6 ring of dexterity (left hand)
 n - a ring of flight
 s - a ring of ice
 w - a ring of poison resistance (right hand)
Scrolls
 b - 2 scrolls of enchant weapon {unknown}
 d - 5 scrolls of identify {unknown}
 e - a scroll of enchant armour {unknown}
 g - a scroll of amnesia {unknown}
 h - a scroll of noise {unknown}
 l - 2 scrolls of teleportation
 m - a scroll of magic mapping {unknown}
 r - a scroll of fog {unknown}
 u - 2 scrolls of blinking {unknown}
 v - 2 scrolls of vulnerability {unknown}
Potions
 j - a potion of brilliance
 p - a potion of mutation {unknown}
 x - 3 potions of cancellation


   Skills:
 + Level 7.8 Fighting
 + Level 8.1 Ranged Weapons
 - Level 5.0 Dodging
 - Level 3.3 Stealth


You had 7 spell levels left.
You didn't know any spells.
Your spell library contained the following spells:

 Spells                   Type           Power      Damage    Failure   Level
 Shock                    Conj/Air       0%         1d3       52%         1
 Passwall                 Tmut/Erth      0%         N/A       67%         2
 Poisonous Vapours        Pois/Air       0%         N/A       67%         2
 Swiftness                Air            0%         N/A       88%         3
 Airstrike                Air            0%         2d(0-16)  99%         4
 Corpse Rot               Necr/Pois/Air  0%         N/A       99%         4
 Petrify                  Tmut/Erth      0%         N/A       99%         4
 Summon Ice Beast         Ice/Summ       0%         N/A       99%         4
 Summon Mana Viper        Hex/Summ       0%         N/A       100%        5
 Statue Form              Tmut/Erth      0%         N/A       100%        6
 Monstrous Menagerie      Summ           0%         N/A       100%        7
 Storm Form               Tmut/Air       0%         N/A       100%        7


Dungeon Overview and Level Annotations

Branches:
Dungeon (6/15)             Temple (1/1) D:5

Altars:
Ashenzari
Cheibriados
Dithmenos
Elyvilon
Fedhas
Gozag
Kikubaaqudgha
Qazlal
Ru
Sif Muna
Trog
Uskayaw
Vehumet
Xom
Zin
The Shining One

Shops:
D:2 [


Innate Abilities, Weirdness & Mutations

You have a pair of horns on your head.
You reflexively headbutt those who attack you in melee.


Message History

You feel very sick.
You hear some strange, mumbled words.
A puff of flame appears from out of thin air!
The puff of flame hits you.
The ice beast hits you but does no damage.
Non-targeted confused fire: a) +0 shortbow
Press: ? - help, Q - select action Dir - look around, f - activate Look: an ice beast (moderately wounded)
You shoot an arrow.
You feel less invigorated.
You feel very sick. Something hits you. The ice beast hits you.
The ice beast freezes you!
* * * LOW HITPOINT WARNING * * *
Unknown command.
It was a potion of brilliance.
You feel clever all of a sudden.
You feel sick. Something hits you but does no damage.
The ice beast hits you but does no damage.
It was a potion of cancellation.
Your magical effects are unravelling.
You feel magically purged.
You feel less confused.
You feel a little less clever now.
You feel sick. Something hits you but does no damage.
You are more poisoned.
The ice beast hits you but does no damage.
Unknown command.
It was a potion of might.
You feel very mighty all of a sudden.
* * * LOW HITPOINT WARNING * * *
You feel very sick. Something hits you but does no damage.
The ice beast completely misses you.
It was a potion of haste.
You feel yourself speed up.
* * * LOW HITPOINT WARNING * * *
You feel very sick. Something hits you.
* * * LOW HITPOINT WARNING * * *
The ice beast hits you.
* * * LOW HITPOINT WARNING * * *
The ice beast freezes you!
You die...

.. ## #. .. #.
#.##.# #....
### ?..
.....##Y##.#...
.....){@.......
#######.##.#..#
#.# #.. ###


You could see an ice beast.

Vanquished Creatures
  Sigmund (D:3)
  A water moccasin (D:5)
  An ice beast (D:5)
  2 black bears (D:5)
  A centaur (D:6)
  4 scorpions
  A howler monkey (D:5)
  5 hounds
  An orc priest (D:5)
  3 jellies (D:5)
  2 iguanas (D:5)
  2 orc wizards (D:6)
  6 adders
  A shadow imp (D:5)
  2 white imps
  2 ufetubi
  A worm (D:4)
  A dart slug (D:2)
  2 orcs (D:5)
  7 ball pythons
  6 bats
  4 endoplasms
  2 giant cockroaches
  6 goblins
  7 hobgoblins
  4 jackals (D:2)
  3 quokkas
  2 frilled lizards
  4 kobolds (D:3)
  5 rats
89 creatures vanquished.

Vanquished Creatures (others)
  4 plants (D:4)
4 creatures vanquished.

Grand Total: 93 creatures vanquished

Notes
Turn   | Place    | Note
-------+----------+-------------------------------------------
     0 | D:1      | safid the Minotaur Hunter began the quest for the Orb.
     0 | D:1      | Reached XP level 1. HP: 18/18 MP: 0/0
    10 | D:1      | You fall into a shaft and drop 1 floor!
    33 | D:1      | Reached skill level 1 in Stealth
    99 | D:1      | Reached XP level 2. HP: 25/25 MP: 1/1
   196 | D:1      | Found a faded altar of an unknown god.
   494 | D:2      | Reached XP level 3. HP: 20/31 MP: 2/2
   761 | D:2      | Found Qyqeonno's Antique Armour Boutique.
   988 | D:2      | Got the Cyclopedia of Evolution and Geology
  1037 | D:2      | Reached XP level 4. HP: 36/38 MP: 3/3
  1421 | D:3      | Noticed Sigmund
  1844 | D:3      | Killed Sigmund
  1845 | D:3      | Reached skill level 5 in Ranged Weapons
  1845 | D:3      | Reached XP level 5. HP: 31/46 MP: 4/4
  2312 | D:3      | Found a radiant altar of Vehumet.
  2476 | D:4      | Reached XP level 6. HP: 48/53 MP: 5/5
  2725 | D:4      | Found a blossoming altar of Fedhas.
  2762 | D:4      | Found a white marble altar of Elyvilon.
  3008 | D:5      | Entered Level 5 of the Dungeon
  3346 | D:2      | Bought a bloodstained leather armour for 168 gold pieces
  3346 | D:2      | Identified the +2 leather armour of Jagabid {Harm rElec}
                  | (You bought it in a shop on level 2 of the Dungeon)
  3750 | D:5      | Reached skill level 5 in Fighting
  3750 | D:5      | Reached skill level 6 in Ranged Weapons
  3750 | D:5      | Reached XP level 7. HP: 52/61 MP: 6/6
  3872 | D:5      | Found a staircase to the Ecumenical Temple.
  3880 | Temple   | Entered the Ecumenical Temple
  4431 | D:5      | Reached skill level 5 in Dodging
  4773 | D:5      | Reached skill level 7 in Ranged Weapons
  4921 | D:5      | Reached XP level 8. HP: 68/71 MP: 7/7
  5095 | D:6      | Reached skill level 8 in Ranged Weapons
  5108 | D:6      | Mangled by an ice beast

Illustrated notes

Levels and vault maps discovered:
D:1:      lemuel_arrival_behind_the_door_large, layout_rooms,
          chequers_ecumenical_altar_grove, minmay_tetromino_o2
D:2:      layout_loops_ring, serial_shops, shop
D:3:      layout_basic, mainiacjoe_overflow_alcove_4,
          hangedman_decor_clover_reticule, st_stairs_14, uniq_sigmund
D:4:      layout_cave_pools, mainiacjoe_overflow_tiny_flanked,
          general_overflow_altar, wad_woods_river_04
D:5:      layout_basic, minmay_temple_entry_proselytizer, minmay_joined_circles
D:6:      layout_loops_ring, enter_ossuary_5, gammafunk_ghost_icy
Temple:   nicolae_temple_bog_church

Skill      XL: |  1  2  3  4  5  6  7  8 |
---------------+-------------------------+-----
Stealth        | 1 2 3 |  3.3
Fighting       | 3 4 5 6 7 |  7.8
Dodging        | 3 4 5 |  5.0
Ranged Weapons | 5 6 7 8 |  8.1

Action                   |  1- 3 |  4- 6 |  7- 9 || total
-------------------------+-------+-------+-------++-------
Melee: Shortbow          |       |       |     1 ||     1
 Fire: Shortbow          |    69 |   127 |   119 ||   315
  Use: Potion            |       |       |     9 ||     9
       Scroll            |       |       |     1 ||     1
Armor: Leather armour    |    10 |    21 |    30 ||    61
Dodge: Dodged            |    23 |    56 |    60 ||   139
